 Dungeon Crawl Stone Soup version 0.17.0-26-gececa24 (webtiles) character file.

180 Raultor the Changer (level 5, -4/33 HPs)
             Began as an Octopode Transmuter on Nov 19, 2015.
             Was a Follower of Makhleb.
             Killed from afar by an orc wizard (9 damage)
             ... with a magic dart
             ... on level 4 of the Dungeon.
             The game lasted 00:08:52 (3144 turns).

Raultor the Changer (Octopode Transmuter)           Turns: 3144, Time: 00:08:52

Health: -4/33      AC:  1    Str: 12    XL:     5   Next: 60%
Magic:  8/8        EV: 12    Int: 20    God:    Makhleb [*.....]
Gold:   141        SH:  0    Dex: 13    Spells: 2 memorised, 3 levels left

rFire  . . .     SeeInvis .       - Unarmed
rCold  . . .     Clarity  .     (no shield)
rNeg   . . .     SustAt   .     (helmet restricted)
rPois  .         Gourm    .     (no amulet)
rElec  .         Spirit   .     u - ring of wizardry
rCorr  .         Warding  .     x - +2 ring of strength
rMut   .         Stasis   .     (no ring)
MR     .....                    (no ring)
Stlth  ++........               (no ring)
                                (no ring)
                                (no ring)
                                (no ring)

@: brilliant, not resistant to hostile enchantments, unstealthy
A: almost no armour, amphibious, 8 rings, constrict 8, camouflage 1, gelatinous
body 1
a: Renounce Religion


You were on level 4 of the Dungeon.
You worshipped Makhleb.
Makhleb was aware of your devotion.
You were not hungry.

You visited 2 branches of the dungeon, and saw 5 of its levels.

You collected 141 gold pieces.

Inventory:

Missiles
 a - 48 arrows
 k - 32 stones
 n - a throwing net (quivered)
Armour
 i - a +1 buckler of poison resistance
Jewellery
 u - a ring of wizardry (left tentacle)
 x - a +2 ring of strength (right tentacle)
Scrolls
 d - a scroll of enchant weapon
 e - 6 scrolls of identify
 s - a scroll of remove curse
 t - a scroll of enchant armour {unknown}
 w - a scroll of teleportation {unknown}
Potions
 j - 2 potions of brilliance
 l - a potion of degeneration {unknown}
 o - a potion of cancellation {unknown}
 p - a potion of curing {unknown}
 q - a potion of lignification {unknown}
 r - 2 potions of haste {unknown}
 v - a potion of resistance {unknown}
 z - a potion of might {unknown}
Books
 b - a book of Changes

   Spells                             Type                      Level
   a - Beastly Appendage              Transmutation                1
   b - Sticks to Snakes               Transmutation                2
   c - Spider Form                    Transmutation/Poison         3
   d - Ice Form                       Ice/Transmutation            4
   e - Blade Hands                    Transmutation                5
Comestibles
 c - 2 bread rations
 f - 2 royal jellies
 g - a slice of pizza
 m - 10 fruits
 A - a chunk of flesh


   Skills:
 - Level 1.0 Fighting
 - Level 2.0 Dodging
 - Level 3.0 Unarmed Combat
 - Level 2.0 Spellcasting
 + Level 4.7 Transmutations
 * Level 2.7 Ice Magic


You had 3 spell levels left.
You knew the following spells:

 Your Spells              Type           Power        Failure   Level  Hunger
a - Beastly Appendage     Trmt           ####..       1%          1    #......
b - Ice Form              Ice/Trmt       ####....     4%          4    #####..


Dungeon Overview and Level Annotations

Branches:
Dungeon (4/15)             Temple (1/1) D:4

Altars:
Ashenzari
Dithmenos
Elyvilon
Makhleb
Nemelex Xobeh
Okawaru
Ru
Sif Muna
Trog
Vehumet
Yredelemnul
The Shining One


Innate Abilities, Weirdness & Mutations

You cannot wear most types of armour.
You are amphibious.
You can wear up to eight rings at the same time.
You can use your tentacles to constrict eight enemies at once.
Your skin changes colour to match your surroundings (Stealth).
Your rubbery body absorbs attacks (AC +1).


Message History

The puff of flame hits you!
You feel sick. The worker ant closely misses you.
Drink which item? (? for menu, Esc to quit)
You feel much better. The worker ant completely misses you.
The worker ant waves its antennae.
You feel sick.
You are no longer poisoned.
The worker ant bites you.
You hear some strange, mumbled words.
A magic dart appears from out of thin air!
The magic dart hits you! Something hits you but does no damage.
You are electrocuted!
You hear some strange, mumbled words.
A puff of frost appears from out of thin air!
The puff of frost hits you!
* * * LOW HITPOINT WARNING * * *
Something completely misses you.
A magic dart appears from out of thin air!
The magic dart hits you!
You die...

######.## #+#
###.#### #.#
#......#######.###
#.#.##.#.........####
#.#..................
#.####.#.###.....##
#.####.#.# ##....#
#......#.#####.#.#
########[a{..@...#
#######.### #.# #.#
#.# #.# #.# #.#
#.#######


You could see a worker ant.

Vanquished Creatures
  Crazy Yiuf (D:2)
  An orc priest (D:3)
  An iguana (D:4)
  4 adders
  2 worms
  4 orcs
  8 bats
  A giant cockroach (D:2)
  4 goblins
  5 hobgoblins
  3 jackals (D:4)
  5 kobolds
  A giant gecko (D:2)
  4 giant newts
  2 quokkas
  A quokka skeleton (D:4)
  6 rats
53 creatures vanquished.

Notes
Turn   | Place    | Note
--------------------------------------------------------------
     0 | D:1      | Raultor the Octopode Transmuter began the quest for the Orb.
     0 | D:1      | Reached XP level 1. HP: 13/13 MP: 3/3
    70 | D:1      | Reached XP level 2. HP: 15/18 MP: 5/5
   572 | D:2      | Noticed Crazy Yiuf
   581 | D:2      | Killed Crazy Yiuf
   581 | D:2      | Reached XP level 3. HP: 23/23 MP: 6/6
   781 | D:2      | Reached skill level 4 in Transmutations
  1155 | D:2      | Reached XP level 4. HP: 25/28 MP: 7/7
  1161 | D:2      | Learned a level 4 spell: Ice Form
  1546 | D:3      | Reached skill level 1 in Ice Magic
  1667 | D:3      | Found a burning altar of Makhleb.
  1674 | D:3      | Became a worshipper of Makhleb the Destroyer
  1871 | D:3      | Reached XP level 5. HP: 11/33 MP: 8/8
  2585 | D:4      | Found a staircase to the Ecumenical Temple.
  2599 | Temple   | Entered the Ecumenical Temple
  2917 | D:4      | Reached * piety under Makhleb
  3144 | D:4      | Killed from afar by an orc wizard

Action                   |  1- 3 |  4- 6 || total
-------------------------+-------+-------++-------
Melee: Unarmed           |    55 |    78 ||   133
Throw: Stone             |     1 |       ||     1
       Throwing net      |     1 |       ||     1
  Use: Scroll            |       |     3 ||     3
       Potion            |       |     3 ||     3
 Stab: Sleeping          |     7 |     1 ||     8
  Eat: Chunk             |       |     7 ||     7
